 Dungeon Crawl Stone Soup version 0.27-a0-1202-ge72e49191c (webtiles) character file.

Game seed: 1071116424655369530

1407 dolemite99 the Cruncher (level 8, -3/69 (71) HPs)
             Began as a Minotaur Gladiator on June 4, 2021.
             Was a Priest of Ru.
             Succumbed to a water moccasin's poison
             ... on level 8 of the Dungeon on June 5, 2021.
             The game lasted 00:09:24 (6871 turns).

dolemite99 the Cruncher (Minotaur Gladiator)        Turns: 6871, Time: 00:09:24

HP:   -3/69 (71)    AC: 10    Str: 22    XL:     8   Next: 42%
MP:   7/7           EV:  8    Int:  5    God:    Ru [***...]
Gold: 241           SH:  0    Dex: 11    Spells: 7/7 levels left

rFire    . . .     SeeInvis .   a - +1 quarterstaff
rCold    . . .     Faith    .   (shield currently unavailable)
rNeg     . . .     Spirit   .   y - +2 chain mail {Will+}
rPois    .         Reflect  .   c - +0 hat
rElec    .         Harm     .   (no cloak)
rCorr    .         Rampage  .   (no gloves)
Will     +....                  (no boots)
Stlth    ..........             (no amulet)
HPRegen  0.21/turn              (no ring)
MPRegen  0.10/turn              (no ring)

@: lethally poisoned (-3 -> -40), exhausted, marked, unable to read, hasted,
lightly drained, very quick
A: horns 2, inability to read while threatened, inability to use devices,
retaliatory headbutt
a: Renounce Religion, Sacrifice Purity, Sacrifice Stealth, Sacrifice Health,
Reject Sacrifices, Draw Out Power


You were on level 8 of the Dungeon.
You worshipped Ru.
Ru was most pleased with you.
You visited 1 branch of the dungeon, and saw 7 of its levels.

You collected 241 gold pieces.

Inventory:

Hand Weapons
 a - a +1 quarterstaff (weapon)
 b - a +2 dagger of venom
 p - a +1 whip of flaming
 t - a +0 shortbow
Missiles
 d - 3 throwing nets
 g - 63 bolts
 j - 17 poisoned darts (quivered)
 k - 132 stones
 n - 13 sling bullets
 u - 41 arrows
Armour
 c - a +0 hat (worn)
 e - a +0 scale mail
 v - a +0 leather armour
 y - a +2 chain mail of willpower (worn)
Jewellery
 z - an amulet of the acrobat
Scrolls
 s - 3 scrolls of noise
 x - 2 scrolls of identify {@r1}
Potions
 f - a potion of lignification {unknown}
 h - a potion of might {unknown}
 l - 3 potions of brilliance
 m - a potion of cancellation {unknown}
 o - a potion of curing
 q - a potion of ambrosia {unknown}
 r - 2 potions of mutation {unknown}
 w - 2 potions of heal wounds


   Skills:
 + Level 6.4 Fighting
 - Level 11.3 Staves
 - Level 2.0 Throwing
 - Level 3.2 Dodging


You had 7 spell levels left.
You didn't know any spells.
Your spell library contained the following spells:

 Spells                   Type           Power      Damage    Failure   Level
 Animate Skeleton         Necr           0%         N/A       99%         1
 Apportation              Tloc           0%         N/A       99%         1
 Corona                   Hex            0%         N/A       99%         1
 Freeze                   Ice            0%         1d3       99%         1
 Summon Small Mammal      Summ           0%         N/A       99%         1
 Call Imp                 Summ           0%         N/A       100%        2
 Call Canine Familiar     Summ           0%         N/A       100%        3
 Frozen Ramparts          Ice            0%         1d2       100%        3
 Ozocubu's Armour         Ice            0%         N/A       100%        3
 Summon Guardian Golem    Hex/Summ       0%         N/A       100%        3
 Hailstorm                Conj/Ice       0%         3d3       100%        4
 Summon Ice Beast         Ice/Summ       0%         N/A       100%        4
 Summon Lightning Spire   Summ/Air       0%         N/A       100%        4
 Metabolic Englaciation   Hex/Ice        0%         N/A       100%        5


Dungeon Overview and Level Annotations

Branches:
Dungeon (6/15)               Lair (0/6) D:8
 Temple: D:4-7

Altars:
Hepliaklqana
Ru


Innate Abilities, Weirdness & Mutations

You have a pair of horns on your head.
You sometimes lose the ability to read scrolls when taking damage.
You cannot study or use magical devices.
You reflexively headbutt those who attack you in melee.


Message History

The gnoll sergeant hits the fungus with a +0 spear!
The water moccasin barely misses you.
The black bear bites you but does no damage.
The black bear claws you but does no damage. x2
The orc priest calls down the wrath of Beogh upon you.
Beogh smites you!
The bullfrog hits the fungus.
The fungus begins to die.
The gnoll hits the fungus with a +0 whip.
You sock something! You headbutt something.
* * * LOW HITPOINT WARNING * * *
You feel very sick.
The killer bee zombie hits the plant.
The plant begins to die.
You redirect the water moccasin's attack!
The water moccasin bites the wyvern.
The gnoll hits you from afar with a +2 vorpal spear.
* * * LOW HITPOINT WARNING * * *
x2 The water moccasin bites you.
* * * LOW HITPOINT WARNING * * *
You are more poisoned.
The water moccasin poisons you!
The wyvern completely misses the plant.
The orc priest hits the fungus with a +0 hand axe!
The fungus begins to die.
The bullfrog hits the fungus.
You miss something.
* * * LOW HITPOINT WARNING * * *
You feel very sick.
A nearby fungus withers and dies. x2; The wyvern zombie bites the plant!
The black bear bites you.
* * * LOW HITPOINT WARNING * * *
The black bear claws you but does no damage. x2
The killer bee zombie hits the plant.
The orc priest hits the plant with a +0 dagger.
You hear some strange, mumbled words.
A magic dart appears from out of thin air!
The magic dart hits you.
* * * LOW HITPOINT WARNING * * *
The gnoll hits the fungus with a +0 whip.
The fungus begins to die.
You sock something!
Reactivating autopickup.
You feel a bit more experienced.
You die... .##.###.......# ...PP.P........# P.......)......# P..P.PFP..P....# .P...PPgPP..PP## PPPP.PPglgP....## .PPPP?PFg..P.....
P.P.PPPPhgPPPP..# PP...FP@SoZPP...#

P.PPP>)PSlo.....#
....PPZolP..P.P.#
PPPPPP.o........#
PPPP.P..P.P..P.##
..PPP.PP....P=.#
..PPP...P....###
......P......#


You could see a komodo dragon, 2 water moccasins, a black bear, 2 wyverns, a
gnoll sergeant, 3 bullfrogs, 4 orc priests, 4 gnolls, a wyvern zombie and a
killer bee zombie.

Vanquished Creatures
  Grinder (D:4)
  2 water moccasins
  An ogre (D:5)
  A kobold brigand (D:5)
  4 scorpions
  A wyvern skeleton (D:5)
  A water moccasin skeleton (D:4)
  A howler monkey (D:6)
  2 hounds (D:5)
  4 orc priests
  An iguana (D:4)
  3 orc wizards
  A howler monkey zombie (D:5)
  7 gnolls
  4 adders
  A white imp (D:5)
  3 worms
  14 orcs
  6 endoplasms
  A giant cockroach (D:4)
  4 goblins
  8 hobgoblins
  18 jackals
  11 kobolds
  2 quokkas
  7 ball pythons
  A bat (D:3)
  A frilled lizard (D:2)
  7 rats
118 creatures vanquished.

Vanquished Creatures (others)
  11 fungi (D:8)
  4 plants (D:8)
15 creatures vanquished.

Grand Total: 133 creatures vanquished

Notes
Turn   | Place    | Note
-------+----------+-------------------------------------------
     0 | D:1      | dolemite99 the Minotaur Gladiator began the quest for the
                  | Orb.
     0 | D:1      | Reached XP level 1. HP: 18/18 MP: 0/0
   325 | D:1      | Reached skill level 4 in Staves
   445 | D:1      | Reached XP level 2. HP: 25/25 MP: 1/1
   683 | D:1      | Found a faded altar of an unknown god.
   686 | D:1      | Became a worshipper of Ru the Awakened
   689 | D:1      | Gained mutation: You sometimes lose the ability to read
                  | scrolls when taking damage. [Ru sacrifice]
   689 | D:1      | Reached * piety under Ru
   851 | D:2      | Reached skill level 5 in Staves
   852 | D:2      | Reached XP level 3. HP: 28/30 MP: 2/2
  2466 | D:3      | Reached skill level 6 in Staves
  2466 | D:3      | Reached XP level 4. HP: 17/37 MP: 3/3
  3657 | D:3      | Found a hazy altar of Hepliaklqana.
  3785 | D:3      | Gained mutation: You cannot study or use magical devices.
                  | [Ru sacrifice]
  3785 | D:3      | Reached ** piety under Ru
  3785 | D:3      | Reached *** piety under Ru
  4102 | D:4      | Noticed Grinder
  4111 | D:4      | Paralysed by Grinder for 5 turns
  4128 | D:4      | Killed Grinder
  4129 | D:4      | Reached skill level 8 in Staves
  4129 | D:4      | Reached XP level 5. HP: 18/42 MP: 4/4
  4129 | D:4      | Reached XP level 6. HP: 21/50 MP: 5/5
  4731 | D:4      | Reached skill level 9 in Staves
  5309 | D:4      | Noticed a water moccasin
  5320 | D:4      | Killed a water moccasin
  5321 | D:4      | Reached XP level 7. HP: 32/56 MP: 6/6
  5564 | D:5      | Entered Level 5 of the Dungeon
  5634 | D:5      | Reached skill level 10 in Staves
  6022 | D:5      | Reached skill level 11 in Staves
  6152 | D:5      | Reached XP level 8. HP: 38/60 MP: 7/7
  6850 | D:6      | Reached skill level 5 in Fighting
  6855 | D:6      | You fall into a shaft and drop 2 floors!
  6855 | D:8      | Found a staircase to the Lair.
  6856 | D:8      | Noticed a komodo dragon
  6870 | D:8      | HP: 2/69 [something/magic dart (3)]
  6871 | D:8      | Succumbed to a water moccasin's poison

Illustrated notes

Levels and vault maps discovered:
D:1:      evilmike_arrival_plus, layout_loops_ring,
          ebering_ecumenical_altar_abandoned, chequers_serial_rivers_room_a,
          minmay_quantized
D:2:      layout_loops_ring
D:3:      kennysheep_big_flooded_room, layout_basic,
          worldfamousw_hep_ancestral_shrine
D:4:      layout_gridville, serial_bayou_pond_e, uniq_grinder
D:5:      layout_cave_pools
D:6:      layout_basic, nicolae_tso_besieged_by_evil,
          minmay_temple_entry_overgrown, minmay_pentangle, uniq_edmund
D:8:      layout_loops_cross, zin_treasury, due_lair_maze_entry_diamond,
          uniq_joseph

Skill      XL: |  1  2  3  4  5  6  7  8 |
---------------+-------------------------+-----
Staves         | 4 5 6 8 9 11 | 11.3
Fighting       | 3 6 |  6.4
Throwing       | |  2.0
Dodging        | |  3.2

Action                   |  1- 3 |  4- 6 |  7- 9 || total
-------------------------+-------+-------+-------++-------
Melee: Quarterstaff      |    57 |   105 |   133 ||   295
       Headbutt          |     7 |    15 |    21 ||    43
       Dagger            |       |     5 |       ||     5
Invok: Sacrifice Words   |     1 |       |       ||     1
       Draw Out Power    |       |     1 |     4 ||     5
       Sacrifice Artific |       |     1 |       ||     1
  Use: Scroll            |       |     6 |     2 ||     8
       Potion            |       |       |     2 ||     2
 Stab: Invisible         |       |       |     2 ||     2
       Confused          |       |       |     1 ||     1
Armor: Scale mail        |    17 |    27 |     9 ||    53
       Chain mail        |       |       |    64 ||    64
Dodge: Dodged            |    31 |    46 |    66 ||   143

Table legend: (Time is in decaauts)
 A = Elapsed time spent in this place.
 B = Non-inter-level travel time spent in this place.
 C = Inter-level travel time spent in this place.
 D = Time resting spent in this place.
 E = Time spent auto-exploring this place.
 F = Levels seen in this place.
 G = Mean time per level.
                   A        B        C        D        E       F      G
               +--------+--------+--------+--------+--------+-----+--------+
         Total |   6832 |   6647 |    185 |   2409 |   3281 |   7 |  976.0 |
       Dungeon |   6832 |   6647 |    185 |   2409 |   3281 |   7 |  976.0 |
               +--------+--------+--------+--------+--------+-----+--------+

Top non-repeatable levels by time:
     D:3: 1696 daAuts
     D:4: 1540 daAuts
     D:2: 1501 daAuts
     D:5: 1244 daAuts
     D:1: 819 daAuts
     D:6: 18 daAuts
     D:8: 12 daAuts
